 Dungeon Sprint DCSS version 0.17-a0-1570-g74b7129 (webtiles) character file.

119 tt080 the Covert (level 4, -3/21 HPs)
             Began as a Spriggan Enchanter on July 23, 2015.
             Killed from afar by Sigmund (9 damage)
             ... with a puff of flame
             ... in the Dungeon (Sprint I: "Red Sonja").
             The game lasted 00:00:41 (97 turns).

tt080 the Covert (Spriggan Enchanter)                 Turns: 97, Time: 00:00:41

Health: -3/21      AC:  3    Str:  4    XL:     4   Next: 73%
Magic:  3/9        EV: 18    Int: 17    God:
Gold:   0          SH:  0    Dex: 16    Spells: 3 memorised, 1 level left

rFire  . . .     SeeInvis +     a - +1 dagger
rCold  . . .     Clarity  .     b - +1 robe
rNeg   . . .     SustAt   .     (shield restricted)
rPois  .         Gourm    .     (helmet restricted)
rElec  .         Spirit   .     (no cloak)
rCorr  .         Warding  .     (gloves unavailable)
rMut   .         NoTele   +     (boots unavailable)
MR     .....                    (no amulet)
Stlth  +++++++...               (no ring)
                                (no ring)

@: very quick, not resistant to hostile enchantments, extremely stealthy
A: unfitting armour, see invisible, herbivore 3, speed 3, slow metabolism 2
a: no special abilities


You were in the Dungeon.
You were not hungry.

You visited 1 branch

Inventory:

Hand weapons
 a - a +1 dagger (weapon)
Armour
 b - a +1 robe (worn)
Scrolls
 j - a scroll of blinking
Potions
 f - a potion of heal wounds
 g - a potion of haste
 h - 2 potions of magic
Books
 c - a book of Maledictions

   Spells                             Type                      Level
   a - Corona                         Hexes                        1
   b - Ensorcelled Hibernation        Hexes/Ice                    2
   c - Confuse                        Hexes                        3
   d - Tukima's Dance                 Hexes                        3
   e - Dazzling Spray                 Conjuration/Hexes            3
Comestibles
 d - a bread ration


   Skills:
 - Level 1.1 Short Blades
 - Level 3.0 Dodging
 + Level 14.4 Stealth
 - Level 2.6 Spellcasting
 - Level 3.6 Hexes


You had one spell level left.
You knew the following spells:

 Your Spells              Type           Power        Failure   Level  Hunger
a - Corona                Hex            ##.....      4%          1    #......
b - Confuse               Hex            ##......     14%         3    ###....
c - Tukima's Dance        Hex            ##......     14%         3    ###....


Dungeon Overview and Level Annotations

Branches:
Dungeon (1/1)

Altars:

Annotations:
D Sigmund


Innate Abilities, Weirdness & Mutations

You are tiny and cannot use many weapons and most armour.
You have supernaturally acute eyesight.
You are a herbivore.
You cover ground extremely quickly.
You need consume almost no food.


Message History

Sigmund is lightly wounded.
Sigmund zaps a wand.
The puff of frost hits you!
* * * LOW HITPOINT WARNING * * *
It is a wand of frost.
Cast which spell? (? or * to list)
Aiming: Confuse
Press: ? - help, Shift-Dir - straight line, f - Sigmund
Aim: Sigmund, wielding a scythe, wearing a robe and carrying a wand of frost {zapped: 1} (lightly wounded, chance to defeat MR: 53%) Sigmund resists with significant effort.
Sigmund zaps a wand.
The puff of frost misses you.
Unknown command.
Casting: Confuse
Confirm with . or Enter, or press ? or * to list all spells.
Aiming: Confuse
Press: ? - help, Shift-Dir - straight line, f/p - Sigmund
Aim: Sigmund, wielding a scythe, wearing a robe and carrying a wand of frost {zapped: 2} (lightly wounded, chance to defeat MR: 53%) Sigmund resists with significant effort.
Sigmund points at you and mumbles some strange words.
The puff of flame hits you!
You die...

#############
#<.#.)'..#.@+
#..'..#.)'@.#
#..#####+####
#..# #..#
#..# #⌠⌠#
####


You could see Sigmund.

Vanquished Creatures
  An ogre (D)
  Ijyb (D)
2 creatures vanquished.

Notes
Turn   | Place    | Note
--------------------------------------------------------------
     0 | D        | tt080 the Spriggan Enchanter began the quest for the Orb.
     0 | D        | Reached XP level 1. HP: 9/9 MP: 5/5
     1 | D        | Noticed Ijyb
    18 | D        | Killed Ijyb
    18 | D        | Reached skill level 10 in Stealth
    18 | D        | Reached XP level 2. HP: 13/13 MP: 6/6
    79 | D        | Noticed an ogre
    81 | D        | Killed an ogre
    81 | D        | Reached skill level 14 in Stealth
    81 | D        | Reached XP level 3. HP: 16/16 MP: 8/8
    81 | D        | Reached XP level 4. HP: 21/21 MP: 9/9
    88 | D        | Learned a level 3 spell: Confuse
    92 | D        | Learned a level 3 spell: Tukima's Dance
    92 | D        | Noticed Sigmund
    97 | D        | Killed from afar by Sigmund

Vault maps used:
D:        dungeon_sprint_1

Action                   |  1- 3 |  4- 6 || total
-------------------------+-------+-------++-------
Melee: Dagger            |    14 |     1 ||    15
 Cast: Confuse           |       |     2 ||     2
  Use: Potion            |     2 |       ||     2
 Stab: Sleeping          |     1 |       ||     1
